 Dungeon Crawl Stone Soup version 0.29-a0-559-g359e09b9d1 (webtiles) character file.

Game seed: 3384303186083323485

45077 siradein the Fighter (level 13, -10/123 HPs)
             Began as a Minotaur Berserker on June 9, 2022.
             Was a High Priest of Trog.
             Mangled by Rupert
             ... wielding a +6 great mace of venom
              (29 damage)
             ... on level 12 of the Dungeon.
             The game lasted 00:40:51 (18209 turns).

siradein the Fighter (Minotaur Berserker)          Turns: 18209, Time: 00:40:51

Health: -10/123    AC: 37    Str: 40    XL:     13   Next: 99%
Magic:  0/12       EV: 12    Int:  4    God:    Trog [*****.]
Gold:   1172       SH:  0    Dex:  9    Spells: 12/12 levels left

rFire   . . .      SeeInvis +   e - +8 glaive of Ifuwn {flame, rPois rC+ Str+3 Stlth-}
rCold   + . .      Faith    .   (shield currently unavailable)
rNeg    . . .      Spirit   +   P - +15 Maxwell's patent armour {-Cast -Tele rElec Will+ rCorr}
rPois   +          Reflect  .   (helmet restricted)
rElec   +          Harm     .   A - +2 cloak
rCorr   +          Rampage  .   r - +0 pair of gloves of Sin {Drain Will+++ Str+5 Dex-2}
Will    +++++      NoTele   +   y - +0 pair of boots
Stlth   .......... NoCast   +   i - amulet of guardian spirit
HPRegen 1.30/turn               k - ring of see invisible
MPRegen 0.13/turn               F - +6 ring of strength

@: lethally poisoned (-10 -> -11), strong-willed, on berserk cooldown,
regenerating, slowed, very slow
A: horns 2, retaliatory headbutt
a: Renounce Religion, Berserk, Trog's Hand, Brothers in Arms


You were on level 12 of the Dungeon.
You worshipped Trog.
Trog was extremely pleased with you.
You visited 2 branches of the dungeon, and saw 18 of its levels.

You collected 1352 gold pieces.
You spent 180 gold pieces at shops.

Inventory:

Hand Weapons
 a - a +6 bardiche
 e - the +8 glaive of Ifuwn (weapon) {flame, rPois rC+ Str+3 Stlth-}
   (Trog gifted it to you on level 10 of the Dungeon)

   It burns those it strikes, dealing additional fire damage.
   Big, fiery blades are also staple armaments of hydra-hunters.
   Str:       It affects your strength (+3).
   rC:        It protects you from cold.
   rPois:     It protects you from poison.
   Stlth:     It makes you less stealthy.
Missiles
 m - 36 poisoned darts (quivered)
 o - 3 silver boomerangs
 z - 5 throwing nets
 H - 3 boomerangs
 N - 3 curare-tipped darts
 W - 6 atropa-tipped darts
 Z - 6 javelins
Armour
 r - the +0 pair of gloves of Sin (worn) {Drain Will+++ Str+5 Dex-2}
   (You acquired it on level 4 of the Lair of Beasts)

   Str:       It affects your strength (+5).
   Dex:       It affects your dexterity (-2).
   Drain:     It drains your maximum health when unequipped.
   Will:      It greatly increases your willpower.
 y - a +0 pair of boots (worn)
 A - a +2 cloak (worn)
 P - the +15 Maxwell's patent armour (worn) {-Cast -Tele rElec Will+ rCorr}
   (You acquired it on level 3 of the Lair of Beasts)

   rElec:     It insulates you from electricity.
   -Cast:     It prevents spellcasting.
   -Tele:     It prevents most forms of teleportation.
   rCorr:     It protects you from acid and corrosion.
   Will:      It increases your willpower.
Jewellery
 i - an amulet of guardian spirit (around neck)
 k - a ring of see invisible (left hand)
 l - a ring of protection from fire
 F - a +6 ring of strength (right hand)
 I - a ring of flight
 T - a ring of fire
Wands
 B - a wand of flame (14)
 E - a wand of iceblast (11)
 O - a wand of digging (9)
 Q - a wand of acid (15)
Scrolls
 d - 3 scrolls of enchant weapon
 g - 10 scrolls of teleportation
 n - a scroll of silence
 q - 2 scrolls of summoning
 t - 5 scrolls of enchant armour {unknown}
 u - 4 scrolls of poison
 v - 2 scrolls of immolation
 w - 3 scrolls of vulnerability
 x - 3 scrolls of fog
 C - a scroll of blinking
 D - a scroll of brand weapon {unknown}
 G - a scroll of noise {unknown}
 X - a scroll of fear {unknown}
Potions
 b - 5 potions of mutation
 c - 2 potions of haste
 f - 2 potions of lignification
 h - 2 potions of attraction
 j - 4 potions of magic
 p - 3 potions of invisibility
 s - 2 potions of might
 J - 2 potions of berserk rage
 K - 7 potions of heal wounds
 M - 2 potions of flight
 R - 7 potions of curing {unknown}
 V - 2 potions of resistance {unknown}
 Y - a potion of cancellation {unknown}
Miscellaneous
 L - a lightning rod (4/4)
 S - a box of beasts
 U - a phial of floods


   Skills:
 + Level 13.7 Fighting
 + Level 13.6 Polearms
 + Level 11.0 Throwing
 + Level 13.5 Armour
 + Level 12.4 Dodging


You had 12 spell levels left.
You didn't know any spells.
Your spell library was empty.

Dungeon Overview and Level Annotations

Branches:
Dungeon (12/15)            Temple (0/1) D:6            Lair (6/6) D:10
  Swamp (0/4) Lair:3        Snake (0/4) Lair:3        Slime (0/5) Lair:6
    Orc (0/2) D:10

Altars:
Cheibriados
Makhleb
Qazlal
Sif Muna
Wu Jian
Zin

Shops:
D:3 =   D:7 !   D:10 [=*[

Annotations:
D:12 Rupert
Lair:6 2 transporters, iguanaiguana's ghost, journeyman DjAM


Innate Abilities, Weirdness & Mutations

You have a pair of horns on your head.
You reflexively headbutt those who attack you in melee.


Message History

You feel the power of Trog in you as your rage grows.
You kill the centaur warrior!
Trog accepts your kill. The fire elemental hits you.
The fire elemental burns you!
* * * LOW HITPOINT WARNING * * *
You closely miss the fire elemental. The fire elemental hits you.
The fire elemental burns you!
* * * LOW HITPOINT WARNING * * *
You slash the fire elemental! You headbutt the fire elemental!
The fire elemental is severely damaged.
The fire elemental hits you.
You carve the fire elemental like a ham!!!
You feel the power of Trog in you as your rage grows.
You destroy the fire elemental!
The fire elemental disappears in a puff of smoke!
You feel a strong urge to attack something.
Rupert the Wild comes into view.
He is wielding a +6 great mace of venom.
Rupert shouts!
You hear a horrible gurgling sound!
You feel your anger nearly subside.
You slice Rupert!! You burn Rupert!
Rupert is moderately wounded.
You are no longer berserk.
You are exhausted.
You feel yourself slow down.
You hear a horrible gurgling sound!
Rupert hits you but does no damage.
You are poisoned.
Unknown command.
Unknown command.
You slice Rupert!! You burn Rupert. You headbutt Rupert!
Rupert is severely wounded.
You feel very sick.
Rupert roars madly and goes into a rage!
Rupert goes berserk!
A manticore comes into view.
You completely miss Rupert.
Rupert is severely wounded.
You feel sick.
Rupert hits you with a +6 great mace of venom!!
You die...

#. #.# #.# # #.#
#.# #.# #.# #.#
##.# #.#
#########..# ...
..........## . #
#########.#
....#.##### #.#
#...@@..# #.#
.#.H#.###.# #.# .
#. #.# #####.# #
#.####..c○.#
#)§......○°#
#....#####..°....
#./### ....☼...
#...# ..####°°○
....## ... #..


You could see Rupert (berserk) and a manticore.

Vanquished Creatures
  Nessos (Lair:5)
  2 hydras
  A catoblepas (Lair:6)
  Harold (D:10)
  3 two-headed ogres (D:11)
  2 centaur warriors (D:12)
  3 death yaks (Lair:6)
  Sonja (D:10)
  4 skeletal warriors
  A bog body (Lair:3)
  Pikel (D:6)
  2 oklob plants (Lair:6)
  6 elephants
  4 black mambas
  A gargoyle (D:11)
  2 rime drakes
  9 cane toads
  7 komodo dragons
  2 trolls
  8 polar bears
  6 hornets
  6 blink frogs
  A dream sheep (Lair:6)
  12 spriggans (Lair:6)
  3 wraiths
  A vampire (D:11)
  A wyvern (D:9)
  2 basilisks
  Grum (Lair:1)
  43 yaks
  7 steam dragons
  An acid dragon (D:10)
  3 nagas (Lair:3)
  2 swamp worms (Lair:1)
  10 water moccasins
  2 orc warriors
  3 ice beasts
  2 sky beasts
  6 black bears
  5 boggarts (Lair:6)
  A centaur (D:8)
  36 wolves
  A lemure (D:6)
  2 kobold brigands
  11 bullfrogs
  3 gnoll sergeants
  2 scorpions
  4 wights (D:10)
  A howler monkey (D:8)
  9 killer bees (D:8)
  A vampire bat (D:3)
  7 electric eels
  A lava snake (D:10)
  A gnoll shaman (D:8)
  2 jellies
  7 hounds
  3 orc priests
  3 iguanas
  6 orc wizards
  4 hell rats (Lair:2)
  25 gnolls
  8 adders
  A shadow imp (D:7)
  An ufetubus (D:4)
  5 worms
  A dart slug (D:5)
  3 fire bats (D:3)
  22 orcs
  2 spectral bats (D:3)
  9 ball pythons
  11 bats (D:3)
  3 bat skeletons (D:3)
  A bat zombie (D:3)
  7 endoplasms
  6 giant cockroaches
  5 goblins
  4 hobgoblins
  4 jackals (D:4)
  3 quokkas
  A bat simulacrum (D:3)
  2 frilled lizards
  7 kobolds
  5 rats
419 creatures vanquished.

Vanquished Creatures (others)
  6 fungi
  7 plants
13 creatures vanquished.

Grand Total: 432 creatures vanquished

Notes
Turn   | Place    | Note
-------+----------+-------------------------------------------
     0 | D:1      | siradein the Minotaur Berserker began the quest for the
                  | Orb.
     0 | D:1      | Reached XP level 1. HP: 19/19 MP: 0/0
   135 | D:1      | Reached XP level 2. HP: 24/27 MP: 1/1
   633 | D:2      | Reached XP level 3. HP: 33/33 MP: 2/2
   919 | D:2      | Identified the +3 ring mail "Nekhlishri" {Harm}
  1689 | D:3      | Reached XP level 4. HP: 40/40 MP: 3/3
  1704 | D:3      | Reached skill level 1 in Throwing
  1781 | D:3      | Identified the +10 whip of the Foremost Lives {vorpal,
                  | Int+5 Dex+2}
  1821 | D:3      | Found Seuderusm's Jewellery Shop.
  1825 | D:3      | Reached ** piety under Trog
  2022 | D:3      | Reached XP level 5. HP: 47/47 MP: 4/4
  2188 | D:3      | Found a shimmering blue altar of Sif Muna.
  2237 | D:3      | Found a stormy altar of Qazlal.
  2349 | D:3      | Found a faded altar of an unknown god.
  2408 | D:4      | Reached XP level 6. HP: 42/55 MP: 5/5
  2409 | D:4      | Reached skill level 5 in Fighting
  2412 | D:4      | Reached *** piety under Trog
  2431 | D:4      | Reached skill level 5 in Polearms
  2873 | D:4      | Found a glowing silver altar of Zin.
  3019 | D:5      | Entered Level 5 of the Dungeon
  3034 | D:5      | Reached XP level 7. HP: 56/61 MP: 6/6
  3189 | D:5      | Reached skill level 5 in Armour
  3495 | D:5      | Noticed a torpor snail
  3496 | D:5      | Found a snail-covered altar of Cheibriados.
  3578 | D:5      | Noticed a hornet
  3583 | D:5      | Killed a hornet
  4003 | D:6      | Reached skill level 5 in Dodging
  4023 | D:6      | Reached XP level 8. HP: 70/70 MP: 7/7
  4244 | D:6      | Identified the +1 plate armour "Zyujar" {rElec Str+7}
  4298 | D:6      | Found a staircase to the Ecumenical Temple.
  4335 | D:6      | Identified the +2 hunting sling of Sunn {freeze, rElec
                  | Will+ Str-4 Int+3}
  4567 | D:6      | Found an ornate altar of the Wu Jian Council.
  4818 | D:6      | You fall into a shaft and drop 1 floor!
  4821 | D:7      | Identified a scroll of acquirement
  5217 | D:6      | Identified the +7 flail "With Two Names" {spect, rElec
                  | Dex+3}
  5272 | D:7      | Noticed Pikel
  5423 | D:6      | Killed Pikel
  5424 | D:6      | Reached skill level 5 in Throwing
  5424 | D:6      | Reached XP level 9. HP: 48/79 MP: 8/8
  5822 | D:7      | Reached **** piety under Trog
  5964 | D:7      | Found Kiolawko's Distillery.
  5967 | D:7      | Bought a potion of heal wounds for 60 gold pieces
  5967 | D:7      | Bought a potion of degeneration for 12 gold pieces
  7032 | D:8      | Reached XP level 10. HP: 87/90 MP: 9/9
  7402 | D:8      | Found a burning altar of Makhleb.
  8533 | D:10     | Entered Level 10 of the Dungeon
  8817 | D:10     | Found a staircase to the Orcish Mines.
  8979 | D:10     | Reached ***** piety under Trog
  9065 | D:10     | Noticed Harold
  9077 | D:10     | Killed Harold
  9298 | D:10     | Found Xexohasi's General Store.
  9301 | D:10     | Found Oremaely's Antique Armour Shoppe.
  9301 | D:10     | Found Vishos's Jewellery Shoppe.
  9303 | D:10     | Found Hielutuw's Armour Shoppe.
  9323 | D:10     | Bought a scroll of identify for 24 gold pieces
  9323 | D:10     | Bought a scroll of magic mapping for 42 gold pieces
  9323 | D:10     | Bought a scroll of poison for 42 gold pieces
  9490 | D:10     | Found a staircase to the Lair.
  9750 | D:10     | Reached XP level 11. HP: 92/99 MP: 10/10
  9800 | D:10     | Identified the +8 glaive of Ifuwn {flame, rPois rC+ Str+3
                  | Stlth-} (Trog gifted it to you on level 10 of the Dungeon)
  9800 | D:10     | Received a gift from Trog
  9924 | D:10     | Reached skill level 10 in Fighting
  9993 | D:10     | Noticed Sonja
  9996 | D:10     | Killed Sonja
  9997 | D:10     | Reached skill level 10 in Polearms
 10533 | D:11     | Noticed a two-headed ogre
 10539 | D:11     | Killed a two-headed ogre
 10540 | D:11     | Reached skill level 10 in Armour
 10676 | D:11     | Noticed a two-headed ogre
 10688 | D:11     | Killed a two-headed ogre
 10751 | D:11     | Noticed a skeletal warrior
 10751 | D:11     | Noticed a skeletal warrior
 10823 | D:10     | Killed a skeletal warrior
 10886 | D:11     | Killed a skeletal warrior
 11096 | D:11     | Noticed a two-headed ogre
 11125 | D:11     | Killed a two-headed ogre
 11192 | D:11     | Noticed a skeletal warrior
 11232 | D:11     | Killed a skeletal warrior
 11368 | D:11     | Noticed a skeletal warrior
 11376 | D:11     | Killed a skeletal warrior
 11549 | Lair:1   | Entered Level 1 of the Lair of Beasts
 11550 | Lair:1   | Noticed Grum
 11631 | Lair:1   | Killed Grum
 11837 | Lair:1   | Reached skill level 10 in Dodging
 11840 | Lair:1   | Reached XP level 12. HP: 110/110 MP: 11/11
 13630 | Lair:3   | Acquired the +15 Maxwell's patent armour {-Cast -Tele rElec
                  | Will+ rCorr}
 13630 | Lair:3   | Found the +15 Maxwell's patent armour {-Cast -Tele rElec
                  | Will+ rCorr}
 13750 | Lair:3   | Found a staircase to the Swamp.
 13991 | Lair:3   | Found a staircase to the Snake Pit.
 14057 | Lair:3   | Noticed a six-headed hydra
 14064 | Lair:3   | Killed a four-headed hydra
 14675 | Lair:4   | Noticed an eight-headed hydra
 14690 | Lair:4   | Killed a five-headed hydra
 14691 | Lair:4   | Acquired the +0 pair of gloves of Sin {Drain Will+++ Str+5
                  | Dex-2}
 14979 | Lair:4   | You fall into a shaft and drop 2 floors!
 14979 | Lair:6   | Entered Level 6 of the Lair of Beasts
 15552 | Lair:5   | Noticed Nessos
 15567 | Lair:5   | Killed Nessos
 15568 | Lair:5   | Reached XP level 13. HP: 102/119 MP: 12/12
 15648 | Lair:5   | Identified the +4 halberd of Doizune {vorpal, rElec rPois
                  | rCorr} (Trog gifted it to you on level 5 of the Lair of
                  | Beasts)
 15648 | Lair:5   | Received a gift from Trog
 15656 | Lair:5   | Reached skill level 10 in Throwing
 16476 | Lair:6   | Found a staircase to the Slime Pits.
 16528 | Lair:6   | Noticed iguanaiguana's ghost (journeyman DjAM)
 16530 | Lair:6   | Found a transporter.
 16533 | Lair:6   | Found a transporter.
 17227 | Lair:6   | Received a gift from Trog
 18205 | D:12     | Noticed Rupert
 18209 | D:12     | Mangled by Rupert

Illustrated notes

Levels and vault maps discovered:
D:1:      minmay_arrival_wavy_path, layout_rooms
D:2:      layout_loops_corners
D:3:      layout_rooms, mainiacjoe_overflow_alcove_1,
          mainiacjoe_overflow_alcove_2, shapermc_ecumenical_altar_hornbeckon,
          serial_shops, nicolae_shop_behind_doors, goddamned_bats
D:4:      layout_basic, nicolae_overflow_hidden_temple, minmay_misc_feat_alley,
          minmay_misc_feat_chi, minmay_diced_spiral
D:5:      layout_loops_ring, cheibriados_altar_2, minmay_strange_pillars
D:6:      layout_basic, mainiacjoe_overflow_brackets,
          minmay_temple_entry_offerings, kennysheep_generic_room_5
D:7:      layout_cave_pools, serial_shops, kennysheep_mini,
          kennysheep_generic_room_15, uniq_pikel
D:8:      kennysheep_steamy, layout_basic, lightli_temple_of_fire
D:9:      layout_loops_ring
D:10:     layout_basic, erik_lair_island, kennysheep_path_1,
          nicolae_lava_and_water, minmay_shop_grid_forest,
          minmay_misc_feat_four_crosses, uniq_harold, uniq_sonja
D:11:     layout_gridville
D:12:     layout_loops_ring, minmay_misc_feat_more_columns,
          nicolae_concentric_dashed_squares_wild, minmay_radiant, uniq_rupert
Lair:1:   layout_regular_city, worms_lemuel, infiniplex_staircase_pool,
          serial_bayou_shore_a, lemuel_fruit_tree, uniq_grum
Lair:2:   layout_gridlike
Lair:3:   nzn_winding_woodlands_small [nzn_winding_woodlands_5x15_default,
          nzn_winding_woodlands_center_lodge,
          nzn_winding_woodlands_5x15_garden], layout_gridlike,
          skrybe_swamp_entry_bodies, minmay_snake_entry_guardpost_medium
Lair:4:   layout_regular_city, st_stairs_13, grunt_megastairs_4,
          serial_bayou_shore_b
Lair:5:   layout_roguey, beast_lair_carwin_9, uniq_nessos
Lair:6:   minmay_lair_end_enchanted_forest, layout_concentric_octagons,
          minmay_slime_entry_oklob_open, gammafunk_ghost_hive,
          eino_small_chamber_without_monster, infiniplex_staircase_pool_2,
          lemuel_fruit_fields

Skill      XL: |  1  2  3  4  5  6  7  8  9 10 11 12 13 |
---------------+----------------------------------------+-----
Fighting       | 4 5 6 7 8 9 11 12 13 | 13.7
Polearms       | 4 5 6 7 8 9 11 12 13 | 13.6
Armour         | 3 4 5 7 8 9 10 12 13 | 13.5
Dodging        | 3 4 5 6 7 8 10 11 12 | 12.4
Throwing       | 1 2 3 5 6 7 8 9 11 | 11.0

Action                   |  1- 3 |  4- 6 |  7- 9 | 10-12 | 13-15 || total
-------------------------+-------+-------+-------+-------+-------++-------
Melee: Spear             |    90 |    14 |       |       |       ||   104
       Headbutt          |    13 |    11 |    30 |    50 |    39 ||   143
       Whip              |       |    28 |       |       |       ||    28
       Halberd           |       |    57 |   234 |   155 |       ||   446
       Glaive            |       |       |       |   252 |   252 ||   504
Throw: Boomerang         |       |       |       |    18 |       ||    18
Invok: Berserk           |       |     1 |     1 |     2 |     1 ||     5
       Trog's Hand       |       |       |     1 |       |     1 ||     2
Evoke: Wand              |       |       |       |     2 |       ||     2
  Use: Scroll            |       |     5 |     5 |    14 |       ||    24
 Stab: Distracted        |       |       |     1 |     1 |       ||     2
Armor: Scale mail        |     6 |       |       |       |       ||     6
       Chain mail        |    20 |    73 |    47 |       |       ||   140
       Plate armour      |       |       |   122 |   181 |   166 ||   469
Dodge: Dodged            |    34 |    71 |   144 |   193 |   116 ||   558

Table legend: (Time is in decaauts)
 A = Elapsed time spent in this place.
 B = Non-inter-level travel time spent in this place.
 C = Inter-level travel time spent in this place.
 D = Time resting spent in this place.
 E = Time spent auto-exploring this place.
 F = Levels seen in this place.
 G = Mean time per level.
                   A        B        C        D        E       F      G
               +--------+--------+--------+--------+--------+-----+--------+
         Total |  18405 |  17651 |    754 |   1212 |  13332 |  18 | 1022.5 |
       Dungeon |  11857 |  11277 |    580 |   1091 |   8143 |  12 |  988.1 |
          Lair |   6548 |   6374 |    174 |    120 |   5189 |   6 | 1091.3 |
               +--------+--------+--------+--------+--------+-----+--------+

Top non-repeatable levels by time:
    D:10: 1834 daAuts
  Lair:6: 1635 daAuts
     D:6: 1530 daAuts
     D:8: 1406 daAuts
    D:11: 1333 daAuts
     D:2: 1172 daAuts
  Lair:2: 1102 daAuts
  Lair:5: 1019 daAuts
  Lair:3: 1009 daAuts
     D:5: 992 daAuts
  Lair:1: 967 daAuts
     D:9: 956 daAuts
  Lair:4: 814 daAuts
     D:7: 694 daAuts
     D:3: 657 daAuts
